 Dungeon Crawl Stone Soup version 0.30-a0-137-gd8773701ce (webtiles) character file.

Game seed: 9477993287426564185

935 freelancePsychic the Cudgeller (level 7, -8/50 HPs)
             Began as a Demonspawn Fighter on Sept 22, 2022.
             Was a Follower of Hepliaklqana.
             Mangled by an ogre
             ... wielding a +0 giant spiked club
              (17 damage)
             ... on level 6 of the Dungeon.
             The game lasted 00:10:07 (5179 turns).

freelancePsychic the Cudgeller (Demonspawn Fighter) Turns: 5179, Time: 00:10:08

Health: -8/50      AC: 12    Str: 19    XL:     7   Next: 87%
Magic:  7/7        EV:  7    Int:  9    God:    Hepliaklqana [*.....]
Gold:   196        SH:  4    Dex: 12    Spells: 6/6 levels left

rFire   . . .      SeeInvis .    a - +0 flail
rCold   . . .      Faith    .    c - +0 buckler
rNeg    . . .      Spirit   .    C - +0 chain mail
rPois   +          Reflect  .    (no helmet)
rElec   .          Harm     .    t - +0 cloak
rCorr   .          Rampage  .    (no gloves)
Will    .....                    (no boots)
Stlth   ..........               w - amulet of regeneration
HPRegen 0.96/turn                o - ring of poison resistance
MPRegen 0.10/turn                (no ring)

@: no status effects
A: reduced essence, icy blue scales 1, weakness stinger 1
a: Renounce Religion, Recall Ancestor, Ancestor Identity


You were on level 6 of the Dungeon.
You worshipped Hepliaklqana.
Hepliaklqana was aware of your devotion.
You visited 2 branches of the dungeon, and saw 7 of its levels.

You collected 196 gold pieces.

Inventory:

Hand Weapons
 a - a +0 flail (weapon)
Missiles
 l - 7 poisoned darts (quivered)
 s - 3 boomerangs
Armour
 b - a +0 scale mail
 c - a +0 buckler (worn)
 t - a +0 cloak (worn)
 C - a +0 chain mail (worn)
Jewellery
 o - a ring of poison resistance (left hand)
 u - an amulet of magic regeneration
 w - an amulet of regeneration (around neck)
Wands
 y - a wand of flame (37)
Scrolls
 e - 4 scrolls of teleportation {@r4}
 f - a scroll of noise {unknown}
 g - 2 scrolls of fear
 j - a scroll of blinking {unknown}
 m - a scroll of poison
 q - a scroll of enchant weapon {unknown}
 v - a scroll of magic mapping {unknown}
 x - a scroll of vulnerability {unknown}
 z - 5 scrolls of amnesia {unknown}
 A - a scroll of enchant armour {unknown}
 B - 3 scrolls of identify {@r1}
Potions
 d - 4 potions of might
 h - a potion of brilliance
 i - a potion of haste {@q3}
 k - 3 potions of curing {@q1}
 n - a potion of invisibility {unknown}
 p - a potion of ambrosia
 r - 2 potions of heal wounds {unknown}


   Skills:
 + Level 5.6 Fighting
 * Level 6.5 Maces & Flails
 - Level 1.3 Throwing
 + Level 3.2 Armour
 - Level 3.1 Shields


You had 6 spell levels left.
You didn't know any spells.
Your spell library contained the following spells:

 Spells                   Type           Power      Damage    Failure   Level
 Sandblast                Erth           0%         2d4       99%         1
 Passwall                 Tmut/Erth      0%         N/A       100%        2
 Ignite Poison            Fire/Tmut/Pois 0%         N/A       100%        3
 Mephitic Cloud           Conj/Pois/Air  0%         N/A       100%        3
 Stone Arrow              Conj/Erth      0%         3d7       100%        3
 Freezing Cloud           Conj/Ice/Air   0%         6-21      100%        5


Dungeon Overview and Level Annotations

Branches:
Dungeon (6/15)             Temple (1/1) D:5

Altars:
Ashenzari
Cheibriados
Hepliaklqana
Makhleb
Nemelex Xobeh
Qazlal
Ru
Trog
Uskayaw
Vehumet
Xom
Yredelemnul

Shops:
D:5 :


Innate Abilities, Weirdness & Mutations

Your life essence is reduced to manifest your ancestor. (-10% HP)
You are partially covered in icy blue scales. (AC +2)
You have a small tail.


Message History

Remember Busisiwe's name as what?
Demonica Yes, Demonica is definitely a better name.
Was Demonica a) male, b) female, or c) neither? (Currently female.)
Okay, then.
z - 5 scrolls labelled ESOUCW WAAPLU (gained 3)
A bullfrog comes into view.
The bullfrog gives a loud, deep croak!
An ogre comes into view. It is wielding a +0 giant spiked club.
There are monsters nearby!
You throw a poisoned dart.
The poisoned dart barely misses the bullfrog.
The poisoned dart hits the ogre.
The ogre shouts!
You throw a poisoned dart. The poisoned dart hits the bullfrog.
The bullfrog is poisoned.
You swap places.
The bullfrog hits you but does no damage. x2
You closely miss the bullfrog.
You tail-slap the bullfrog, but do no damage.
The bullfrog is lightly wounded.
The bullfrog hits you but does no damage.
Demonica hits the bullfrog!
You hit the bullfrog but do no damage.
The bullfrog is heavily wounded.
You block the bullfrog's attack.
Demonica hits the bullfrog.
The bullfrog swells and bulges.
The bullfrog hits you but does no damage.
You hit the bullfrog.
The bullfrog is almost dead.
You kill the bullfrog!
The ogre hits you with a +0 giant spiked club!
You sock the ogre!
The ogre is moderately wounded.
The ogre hits you with a +0 giant spiked club!!
Ouch! That really hurt!
* * * LOW HITPOINT WARNING * * *
Demonica hits the ogre.
The ogre attacks as you move away!
The ogre hits you with a +0 giant spiked club!
You die...

#.....#...####
###..#....## ..##..#####
#))#..<..# #...#
#..#......# ##..##
#####.#.......# #...#
####..##.##......# ##..#
###......#..#......#
#..###........#..#......#
##.R#.........##.#......#
#.........@...# ##.....#
#.........RO..#
#..............#
##...........(..#
##...............
##....)..$.......
##.........(....
#..............


You could see the friendly Demonica the ancestor and an ogre (ally target).

Vanquished Creatures
  An ice beast (D:5)
  2 ogres
  A bullfrog (D:6)
  A necrophage (D:4)
  A scorpion (D:5)
  3 jellies
  3 hounds
  2 iguanas (D:5)
  An orc wizard (D:6)
  8 gnolls
  3 adders (D:2)
  A white imp (D:4)
  An ufetubus (D:4)
  A worm (D:3)
  7 dart slugs
  12 orcs
  3 ball pythons
  8 endoplasms
  4 giant cockroaches
  5 hobgoblins
  6 jackals (D:1)
  5 kobolds
  6 quokkas
  3 bats
  2 frilled lizards
  7 goblins
  7 rats
104 creatures vanquished.

Notes
Turn   | Place    | Note
-------+----------+-------------------------------------------
     0 | D:1      | freelancePsychic the Demonspawn Fighter began the quest for
                  | the Orb.
     0 | D:1      | Reached XP level 1. HP: 18/18 MP: 1/1
    46 | D:1      | Reached skill level 2 in Maces & Flails
    58 | D:1      | Gained mutation: You have a small tail. [demonic ancestry]
    58 | D:1      | Reached XP level 2. HP: 23/24 MP: 2/2
   518 | D:1      | Found a faded altar of an unknown god.
   908 | D:1      | Reached XP level 3. HP: 21/29 MP: 3/3
  1306 | D:2      | Reached skill level 3 in Maces & Flails
  1615 | D:2      | Reached XP level 4. HP: 35/35 MP: 4/4
  2540 | D:3      | Reached XP level 5. HP: 22/42 MP: 5/5
  3091 | D:4      | Reached skill level 4 in Maces & Flails
  3114 | D:4      | Noticed an ogre
  3125 | D:4      | Killed an ogre
  3136 | D:4      | Reached XP level 6. HP: 30/49 MP: 6/6
  3274 | D:4      | Reached skill level 5 in Maces & Flails
  3291 | D:5      | Entered Level 5 of the Dungeon
  3623 | D:4      | Found a burning altar of Makhleb.
  4021 | D:5      | Found a staircase to the Ecumenical Temple.
  4040 | D:5      | Reached skill level 1 in Throwing
  4041 | Temple   | Entered the Ecumenical Temple
  4181 | Temple   | Became a worshipper of Hepliaklqana the Forgotten
  4318 | D:5      | Found Waates's Tremendous Tomes.
  4328 | D:5      | Reached skill level 5 in Fighting
  4328 | D:5      | Gained mutation: You are partially covered in icy blue
                  | scales. (AC +2) [demonic ancestry]
  4328 | D:5      | Reached XP level 7. HP: 49/56 MP: 7/7
  4743 | D:5      | Reached skill level 6 in Maces & Flails
  5156 | D:6      | Reached * piety under Hepliaklqana
  5179 | D:6      | Mangled by an ogre

Illustrated notes

Levels and vault maps discovered:
D:1:      dpeg_arrival_ternary, layout_basic,
          dilly_ecumenical_altar_fadedgnrine, serial_park_tiny_pond
D:2:      layout_basic
D:3:      layout_loops_ring
D:4:      layout_basic, lightli_temple_of_fire, nrook_mini_vaults,
          serial_park_tiny_1, glass_columns_b, minmay_between
D:5:      layout_basic, minmay_temple_entry_water_ring, st_stairs_13,
          nicolae_shop_i_like_big_books, dk_noncrumbling_2, roderic_lattice_a
D:6:      layout_cave_pods, kennysheep_vampire_church
Temple:   chequers_temple_sunken

Skill      XL: |  1  2  3  4  5  6  7 |
---------------+----------------------+-----
Maces & Flails | 2 3 4 5 6 |  6.5
Shields        | 3 |  3.1
Fighting       | 4 5 |  5.6
Throwing       | 1 |  1.3
Armour         | 3 |  3.2

Action                   |  1- 3 |  4- 6 |  7- 9 || total
-------------------------+-------+-------+-------++-------
Melee: Flail             |   103 |   171 |    81 ||   355
       Tailslap          |    11 |    24 |    19 ||    54
Throw: Dart              |     5 |    17 |    12 ||    34
Invok: Ancestor Identity |       |       |     1 ||     1
  Use: Scroll            |     2 |     6 |       ||     8
Armor: Scale mail        |    53 |    57 |    12 ||   122
       Chain mail        |       |       |    39 ||    39
Dodge: Dodged            |    53 |    80 |    22 ||   155
Block: Buckler           |    24 |    38 |    17 ||    79

Table legend: (Time is in decaauts)
 A = Elapsed time spent in this place.
 B = Non-inter-level travel time spent in this place.
 C = Inter-level travel time spent in this place.
 D = Time resting spent in this place.
 E = Time spent auto-exploring this place.
 F = Levels seen in this place.
 G = Mean time per level.
                   A        B        C        D        E       F      G
               +--------+--------+--------+--------+--------+-----+--------+
         Total |   5298 |   5141 |    157 |    197 |   3999 |   7 |  756.9 |
       Dungeon |   5101 |   4977 |    124 |    197 |   3843 |   6 |  850.2 |
        Temple |    196 |    164 |     32 |      0 |    156 |   1 |  196.0 |
               +--------+--------+--------+--------+--------+-----+--------+

Top non-repeatable levels by time:
     D:1: 1271 daAuts
     D:2: 1024 daAuts
     D:5: 983 daAuts
     D:4: 899 daAuts
     D:3: 824 daAuts
  Temple: 196 daAuts
     D:6: 97 daAuts
